AoeStats
← gob b

QS Arena

503132797Analyzed
4v4 RM · 1mo ago on Aug 30, 2026· 36m 42s· 8 players
Game mode
Random Map
Map size
Large (8 player)
Population
200
Speed
Normal
Resources
Standard
Victory
Conquest
Starting age
Dark Age
Ending age
Imperial Age
RankedLock teamsTeams togetherTeam positionsShared explorationLock speedFull tech treeHidden civsTurbo modeCheats
Victory
Defeat
🇨🇳 Britons · China
1348
+13
🇨🇳 Franks · China
1344
+14
🇻🇳 Britons · Vietnam
1338
+14
🇨🇳 Sicilians · China
1320
+15
🇩🇪 Turks · Germany
1324
-15
🇧🇷 Malay · Brazil
1294
-14
🇭🇰 Byzantines · Hong Kong SAR China
1277
-13
🇮🇳 Khitans · India
1265
-13
儒门_重农抑商
8:00 Feudal Age
9:20 Double-Bit Axe
11:59 Castle Age
10:15 Horse Collar
11:24 Fletching
12:20 Crossbowman
15:56 Bodkin Arrow
19:39 Loom
19:39 Town Watch
21:46 Bow Saw
23:30 Wheelbarrow
24:53 Pikeman
25:39 Squires
31:03 Imperial Age
29:39 Scale Mail Armor
29:49 Forging
30:19 Padded Archer Armor
30:22 Heavy Plow
30:44 Ballistics
30:04 Treadmill Crane
30:49 Man-at-Arms
31:14 Gambesons
31:49 Hand Cart
31:56 Gold Mining
31:56 Stone Mining
32:45 Bracer
33:59 Gold Shaft Mining
33:18 Long Swordsman
34:33 Conscription
35:20 Yeomen
36:17 Warwolf
37:54 Chemistry
顶呱呱
4:45 Loom
7:06 Feudal Age
7:55 Double-Bit Axe
9:26 Horse Collar
11:48 Fletching
18:34 Castle Age
17:00 Gold Mining
17:01 Stone Mining
20:23 Wheelbarrow
25:27 Imperial Age
27:08 Fervor
27:19 Sanctity
30:43 Illumination
33:17 Stone Shaft Mining
37:07 Hand Cart
羊了个羊
8:21 Feudal Age
12:22 Castle Age
10:18 Double-Bit Axe
14:05 Bow Saw
20:48 Wheelbarrow
23:27 Hand Cart
22:58 Loom
26:30 Imperial Age
24:19 Hand Cart
24:02 Loom
24:37 Gold Mining
24:40 Stone Mining
26:22 Scale Barding Armor
26:28 Forging
27:39 Gold Shaft Mining
26:43 Cavalier
27:24 Husbandry
29:46 Chain Barding Armor
30:02 Iron Casting
29:15 Paladin
32:17 Plate Barding Armor
32:44 Blast Furnace
32:06 Conscription
33:40 Chivalry
gianghodd01
7:51 Feudal Age
12:45 Castle Age
10:44 Double-Bit Axe
11:20 Horse Collar
12:57 Wheelbarrow
14:11 Bow Saw
15:47 Heavy Plow
16:43 Loom
21:40 Hand Cart
23:41 Stone Mining
23:42 Gold Mining
27:14 Imperial Age
24:39 Fletching
25:07 Padded Archer Armor
25:47 Bodkin Arrow
25:31 Pikeman
26:06 Town Watch
27:33 Scale Mail Armor
27:47 Fortified Wall
27:38 Halberdier
29:02 Hoardings
28:58 Bracer
29:28 Chain Mail Armor
29:29 Squires
30:32 Forging
31:26 Chemistry
30:46 Ballistics
30:44 Elite Skirmisher
32:57 Gold Shaft Mining
32:17 Arson
33:45 Town Patrol
34:16 Masonry
34:38 Leather Archer Armor
34:05 Treadmill Crane
36:08 Conscription
36:11 Yeomen
37:13 Ring Archer Armor
37:16 Architecture
revolsanoM
9:24 Feudal Age
10:16 Double-Bit Axe
10:13 Horse Collar
11:10 Wheelbarrow
13:53 Castle Age
15:05 Bow Saw
16:52 Heavy Plow
19:46 Scale Barding Armor
22:19 Hand Cart
22:38 Bloodlines
23:32 Chain Barding Armor
23:50 Forging
23:50 Husbandry
25:35 Gold Mining
28:51 Imperial Age
26:23 Stone Mining
27:43 Gold Shaft Mining
28:30 Iron Casting
30:11 Plate Barding Armor
28:58 Heavy Camel Rider
30:42 Two-Man Saw
31:02 Masonry
30:47 Elite Janissary
32:24 Architecture
32:24 Conscription
32:56 Padded Archer Armor
34:19 Blast Furnace
33:33 Artillery
gob b
6:22 Loom
8:52 Feudal Age
12:58 Castle Age
11:14 Double-Bit Axe
11:36 Fletching
12:39 Double-Bit Axe
14:15 Domestication
15:19 Gold Mining
21:08 Forging
22:47 Scale Mail Armor
28:41 Iron Casting
28:22 Chain Mail Armor
28:28 Bow Saw
33:29 Bodkin Arrow
35:47 Wheelbarrow
naYummuYan
7:35 Feudal Age
7:34 Double-Bit Axe
7:31 Horse Collar
12:41 Gold Mining
16:27 Castle Age
20:42 Imperial Age
18:26 Bow Saw
18:31 Heavy Plow
19:38 Forging
22:50 Gold Shaft Mining
23:47 Scale Barding Armor
24:19 Husbandry
28:11 Iron Casting
28:26 Fletching
29:39 Chemistry
29:16 Devotion
28:50 Crossbowman
29:36 Padded Archer Armor
30:04 Light Cavalry
30:44 Loom
31:13 Arbalester
32:41 Elite Skirmisher
33:26 Thumb Ring
36:00 Conscription
FuNG
8:16 Feudal Age
6:32 Loom
11:53 Castle Age
11:24 Double-Bit Axe
11:22 Horse Collar
17:03 Loom
24:49 Wheelbarrow
25:24 Elite Skirmisher
29:58 Imperial Age
27:38 Pikeman
28:03 Gambesons
28:19 Squires
29:43 Scale Mail Armor
29:51 Padded Archer Armor
30:16 Heavy Plow
30:49 Bow Saw
31:11 Fletching
31:37 Chain Mail Armor
31:38 Leather Archer Armor
31:31 Gold Mining
31:31 Stone Mining
31:34 Halberdier
33:32 Chemistry
34:21 Two-Man Saw
33:45 Bodkin Arrow
34:20 Ring Archer Armor
Connection lost

Rejoining the realm…

Still unreachable

The connection could not be restored.

Session expired

The server has moved on; the page needs a fresh start.